 Dungeon Crawl Stone Soup version 0.30-a0-757-ga6a79fd877 (webtiles) character file.

Game seed: 2631067986276590414

32366 themarg the Severer (level 13, -2/113 HPs)
             Began as a Hill Orc Fighter on Feb 10, 2023.
             Was a High Priest of Makhleb.
             Slain by an eight-headed hydra (4 damage)
             ... on level 4 of the Lair of Beasts.
             The game lasted 00:48:18 (16460 turns).

themarg the Severer (Hill Orc Fighter)             Turns: 16460, Time: 00:48:18

Health: -2/113     AC: 19    Str: 30    XL:     13   Next: 64%
Magic:  21/21      EV: 17    Int:  8    God:    Makhleb [*****.]
Gold:   671        SH: 13    Dex: 15    Spells: 12/12 levels left

rFire   . . .      SeeInvis .    b - +0 morningstar
rCold   + . .      Faith    .    O - +0 kite shield
rNeg    . . .      Spirit   .    t - +5 ring mail "Wuring" {Regen+}
rPois   .          Reflect  .    e - +2 hat
rElec   .          Harm     .    Q - +1 cloak "Gemur" {rC+ Will+ Dex+5}
rCorr   .          Rampage  .    (no gloves)
Will    +....                    E - +2 pair of boots
Stlth   +                        (no amulet)
HPRegen 1.18/turn                u - +5 ring of evasion
MPRegen 0.17/turn                X - +6 ring of strength

@: no status effects
A: no striking features
a: Renounce Religion, Minor Destruction, Lesser Servant of Makhleb, Major
Destruction, Greater Servant of Makhleb


You were on level 4 of the Lair of Beasts.
You worshipped Makhleb.
Makhleb was extremely pleased with you.
You visited 3 branches of the dungeon, and saw 17 of its levels.

You collected 926 gold pieces.
You spent 255 gold pieces at shops.

Inventory:

Hand Weapons
 a - a +0 war axe
 b - a +0 morningstar (weapon)
Missiles
 h - 2 datura-tipped darts
 i - 38 poisoned darts (quivered)
 p - 9 curare-tipped darts
 D - 6 boomerangs
 T - 3 throwing nets
Armour
 e - a +2 hat (worn)
 t - the +5 ring mail "Wuring" (worn) {Regen+}
   (You found it on level 4 of the Lair of Beasts)

   Regen:     It increases your rate of health regeneration.
 E - a +2 pair of boots (worn)
 O - a +0 kite shield (worn)
 Q - the +1 cloak "Gemur" (worn) {rC+ Will+ Dex+5}
   (You found it on level 9 of the Dungeon)

   Dex:       It affects your dexterity (+5).
   rC:        It protects you from cold.
   Will:      It increases your willpower.
Jewellery
 u - a +5 ring of evasion (left hand)
 v - a ring of willpower
 x - a ring of protection from cold
 M - a ring of see invisible
 U - a ring of flight
 W - a +6 ring of dexterity
 X - a +6 ring of strength (right hand)
Wands
 n - a wand of light (17)
 J - a wand of digging (5)
 R - a wand of roots (11)
 Y - a wand of mindburst (2)
Scrolls
 c - 7 scrolls of amnesia {unknown}
 f - 2 scrolls of fear
 j - 2 scrolls of vulnerability {unknown}
 l - a scroll of magic mapping
 q - 5 scrolls of immolation
 r - 6 scrolls of enchant armour
 w - 4 scrolls of teleportation
 y - a scroll of blinking {unknown}
 B - 4 scrolls of acquirement {unknown}
 I - 2 scrolls of noise {unknown}
 K - 2 scrolls of silence {unknown}
 L - a scroll of brand weapon {unknown}
 N - a scroll of poison {unknown}
 V - 5 scrolls of enchant weapon
Potions
 d - 6 potions of might
 g - 2 potions of haste {unknown}
 k - 2 potions of lignification
 m - a potion of attraction {unknown}
 o - 3 potions of berserk rage
 s - 4 potions of flight
 z - 3 potions of heal wounds
 A - 2 potions of degeneration {unknown}
 C - a potion of ambrosia {unknown}
 G - 2 potions of brilliance {unknown}
 H - a potion of mutation {unknown}
 P - a potion of invisibility {unknown}
 S - 3 potions of curing
Miscellaneous
 Z - a tin of tremorstones (2/2)


   Skills:
 - Level 10.0 Fighting
 - Level 16.0 Axes
 - Level 2.0 Throwing
 - Level 9.2 Armour
 - Level 5.0 Dodging
 * Level 13.8 Shields
 + Level 10.8 Invocations
 - Level 1.0 Evocations


You had 12 spell levels left.
You didn't know any spells.
Your spell library contained the following spells:

 Spells                   Type           Power      Damage    Failure   Level
 Apportation              Tloc           0%         N/A       73%         1
 Magic Dart               Conj           0%         1d3       73%         1
 Call Imp                 Summ           0%         N/A       86%         2
 Searing Ray              Conj           0%         2d4       86%         2
 Dazzling Flash           Conj/Hex       0%         N/A       97%         3
 Mephitic Cloud           Conj/Pois/Air  0%         N/A       97%         3
 Stone Arrow              Conj/Erth      0%         3d7       97%         3
 Animate Armour           Summ/Erth      0%         N/A       100%        4
 Fulminant Prism          Conj/Hex       0%         3d5       100%        4
 Agony                    Necr           0%         N/A       100%        5
 Alistair's Intoxication  Tmut/Pois      0%         N/A       100%        5
 Silence                  Hex/Air        0%         N/A       100%        5
 Lehudib's Crystal Spear  Conj/Erth      0%         10d2      100%        8


Dungeon Overview and Level Annotations

Branches:
Dungeon (11/15)            Temple (1/1) D:5            Lair (5/5) D:11
  Swamp (0/4) Lair:3        Snake (0/4) Lair:3          Orc (0/2) D:9
  Slime: Lair:4-5

Altars:
Ashenzari
Cheibriados
Dithmenos
Elyvilon
Fedhas
Gozag
Hepliaklqana
Kikubaaqudgha
Makhleb
Nemelex Xobeh
Okawaru
Qazlal
Ru
Sif Muna
Trog
Uskayaw
Vehumet
Wu Jian
Xom
Yredelemnul
Zin
The Shining One

Shops:
D:6 [   D:7 (

Annotations:
D:3 1 transporter, theblackgale's ghost, amateur GnFE
D:6 2 runed translucent doors, exclusion: 2 doors
Lair:1 exclusion: 3 oklob plants


Message History

The eight-headed hydra closely misses you.
The eight-headed hydra misses you. The eight-headed hydra bites you.
The eight-headed hydra closely misses you.
The eight-headed hydra bites you!
The eight-headed hydra barely misses you.
You sock the eight-headed hydra!
The eight-headed hydra is almost dead.
The eight-headed hydra barely misses you. x2
The eight-headed hydra bites you but does no damage.
The eight-headed hydra bites you!
You block the eight-headed hydra's attack.
The eight-headed hydra bites you but does no damage.
You block the eight-headed hydra's attack.
The eight-headed hydra misses you.
You barely miss the eight-headed hydra.
The eight-headed hydra is almost dead.
The eight-headed hydra bites you but does no damage.
The eight-headed hydra closely misses you.
You block the eight-headed hydra's attack. x2
The eight-headed hydra bites you!
* * * LOW HITPOINT WARNING * * *
The eight-headed hydra bites you!
* * * LOW HITPOINT WARNING * * *
The eight-headed hydra barely misses you.
The eight-headed hydra bites you.
* * * LOW HITPOINT WARNING * * *
You hit the eight-headed hydra.
The eight-headed hydra is almost dead.
The eight-headed hydra misses you.
The eight-headed hydra barely misses you.
The eight-headed hydra completely misses you.
The eight-headed hydra closely misses you. x2
The eight-headed hydra bites you!
* * * LOW HITPOINT WARNING * * *
The eight-headed hydra misses you. x3
The eight-headed hydra bites you but does no damage.
The eight-headed hydra barely misses you.
You block the eight-headed hydra's attack. x2
The eight-headed hydra bites you.
You die...

#..............P...PP
#..###.+#.#........PP
#..####..............
#........##...#.####'
##....#..###...### #.
#........#......# #.
#...+............. ..
##..##.....#...###.
.. ##..+@...###...#
... #..JD#.### #....
#.# #...#### ## ###
##..##.#..# #
#.....D....
#..........
##.........
#......... #.##+.J##.


You could see an eight-headed hydra and an endoplasm.

Vanquished Creatures
  Gastronok (Lair:2)
  Harold (D:9)
  2 hydras
  3 two-headed ogres
  Amaemon (Lair:2)
  2 bog bodies (Lair:3)
  A lindwurm (Lair:4)
  A manticore (D:11)
  A black mamba (Lair:5)
  5 cane toads
  Joseph (D:8)
  An orange demon (Lair:2)
  2 kobold demonologists
  10 rime drakes
  6 komodo dragons
  A polar bear (Lair:5)
  2 hornets
  Prince Ribbit (D:8)
  8 blink frogs
  4 shadows
  5 wyverns
  42 yaks
  2 basilisks (Lair:1)
  4 vampire mosquitoes (D:11)
  11 steam dragons
  A swamp worm (Lair:3)
  3 nagas (Lair:3)
  An acid dragon (D:8)
  A floating eye (Lair:1)
  9 water moccasins
  5 orc warriors
  3 black bears
  2 ice beasts
  A sky beast (D:8)
  8 centaurs
  4 kobold brigands
  12 bullfrogs
  A necrophage (D:5)
  3 scorpions
  7 wights
  4 killer bees (D:9)
  A howler monkey (D:9)
  3 electric eels
  4 hounds
  4 orc priests
  2 jellies
  Jessica (D:2)
  An iguana (D:6)
  12 orc wizards
  A gnoll (D:1)
  4 adders
  A shadow imp (D:6)
  3 white imps
  An ufetubus (D:7)
  A worm (D:2)
  7 dart slugs
  37 orcs
  4 endoplasms
  A giant cockroach (D:2)
  2 goblins
  8 hobgoblins
  7 quokkas
  4 ball pythons
  4 bats
  4 frilled lizards
  14 kobolds
  6 rats
320 creatures vanquished.

Vanquished Creatures (collateral kills)
  A hydra (Lair:4)
  A water moccasin (Lair:4)
2 creatures vanquished.

Vanquished Creatures (others)
  A rime drake (Lair:3)
  11 fungi
  36 plants
  A withered plant (D:8)
49 creatures vanquished.

Grand Total: 371 creatures vanquished

Notes
Turn   | Place    | Note
-------+----------+-------------------------------------------
     0 | D:1      | themarg the Hill Orc Fighter began the quest for the Orb.
     0 | D:1      | Reached XP level 1. HP: 19/19 MP: 1/1
   114 | D:1      | Reached skill level 3 in Axes
   133 | D:1      | Reached XP level 2. HP: 22/27 MP: 2/2
   477 | D:1      | Reached skill level 4 in Axes
   517 | D:1      | Reached XP level 3. HP: 33/33 MP: 3/3
  1224 | D:2      | Noticed Jessica
  1238 | D:2      | Killed Jessica
  1239 | D:2      | Reached skill level 5 in Axes
  1239 | D:2      | Reached XP level 4. HP: 39/41 MP: 4/4
  1971 | D:3      | Found a transporter.
  2295 | D:3      | Found a burning altar of Makhleb.
  2414 | D:3      | Noticed theblackgale's ghost (amateur GnFE)
  2594 | D:4      | Reached XP level 5. HP: 47/47 MP: 5/5
  2609 | D:3      | Became a worshipper of Makhleb the Destroyer
  3067 | D:4      | Found a glowing golden altar of the Shining One.
  3144 | D:5      | Entered Level 5 of the Dungeon
  3324 | D:5      | Reached skill level 5 in Fighting
  3324 | D:5      | Reached skill level 6 in Axes
  3358 | D:5      | Reached skill level 7 in Axes
  3444 | D:5      | Reached XP level 6. HP: 56/56 MP: 6/6
  3675 | D:5      | Reached skill level 8 in Axes
  3682 | D:5      | Found a stormy altar of Qazlal.
  3690 | D:5      | Noticed an air elemental
  3691 | D:5      | Noticed a water elemental
  3691 | D:5      | Noticed a fire elemental
  3744 | D:5      | Found a staircase to the Ecumenical Temple.
  3761 | Temple   | Entered the Ecumenical Temple
  4016 | D:5      | Reached * piety under Makhleb
  4283 | D:6      | Found a white marble altar of Elyvilon.
  4283 | D:6      | Found a broken altar of Ashenzari.
  4297 | D:6      | Found Conkuix's Antique Armour Shoppe.
  4303 | D:6      | Noticed a black bear
  4316 | D:6      | Killed a black bear
  4317 | D:6      | Reached skill level 9 in Axes
  4317 | D:6      | Reached XP level 7. HP: 48/61 MP: 7/7
  4435 | D:6      | Reached skill level 10 in Axes
  4521 | D:6      | Noticed a steam dragon
  4541 | D:6      | Killed a steam dragon
  4707 | D:6      | Reached skill level 11 in Axes
  4714 | D:6      | Reached XP level 8. HP: 64/68 MP: 8/8
  4730 | D:6      | Found a runed translucent door.
  4732 | D:6      | Found a runed translucent door.
  4846 | D:6      | Noticed a wyvern
  4856 | D:6      | Killed a wyvern
  4977 | D:6      | Reached skill level 12 in Axes
  5213 | D:6      | Found a shadowy altar of Dithmenos.
  5330 | D:6      | Reached skill level 13 in Axes
  5513 | D:6      | Bought a pair of embroidered boots for 255 gold pieces
  5602 | D:7      | Found Deurghebb's Antique Weapon Boutique.
  5857 | D:7      | Reached XP level 9. HP: 74/74 MP: 9/9
  5872 | D:7      | Found a snail-covered altar of Cheibriados.
  6214 | D:7      | Reached skill level 14 in Axes
  6533 | D:8      | Reached ** piety under Makhleb
  6637 | D:8      | Reached skill level 1 in Throwing
  6637 | D:8      | Reached skill level 1 in Evocations
  6772 | D:8      | Noticed a hornet
  6781 | D:8      | Killed a hornet
  7116 | D:8      | Found a blossoming altar of Fedhas.
  7116 | D:8      | Found an ancient bone altar of Kikubaaqudgha.
  7154 | D:8      | Noticed Joseph
  7173 | D:8      | Killed Joseph
  7174 | D:8      | Reached skill level 5 in Shields
  7297 | D:8      | Noticed Prince Ribbit
  7309 | D:8      | Killed Prince Ribbit
  7310 | D:8      | Reached skill level 15 in Axes
  7820 | D:9      | Noticed a two-headed ogre
  7833 | D:9      | Killed a two-headed ogre
  7834 | D:9      | Reached XP level 10. HP: 42/86 MP: 10/10
  7980 | D:9      | Noticed a kobold demonologist
  7981 | D:9      | Noticed a smoke demon
  8036 | D:9      | Identified the +3 short sword of the Healing Augurer
                  | {distort, rC+ Will+ Int+3}
  8245 | D:9      | Found a staircase to the Orcish Mines.
  8248 | D:9      | Reached skill level 16 in Axes
  8390 | D:9      | Found a shimmering blue altar of Sif Muna.
  8602 | D:9      | Found a sparkling altar of Nemelex Xobeh.
  8613 | D:9      | Identified the +1 cloak "Gemur" {rC+ Will+ Dex+5}
  8824 | D:9      | Killed a kobold demonologist
  8900 | D:9      | Reached skill level 5 in Armour
  9014 | D:9      | Noticed Harold
  9035 | D:9      | Killed Harold
  9306 | D:10     | Entered Level 10 of the Dungeon
  9309 | D:10     | Noticed a kobold demonologist
  9322 | D:10     | Noticed a sun demon
  9325 | D:10     | Killed a kobold demonologist
  9325 | D:10     | Reached *** piety under Makhleb
  9363 | D:10     | Reached skill level 10 in Fighting
  9363 | D:10     | Reached XP level 11. HP: 99/99 MP: 11/11
  9673 | D:10     | Noticed a two-headed ogre
  9686 | D:10     | Killed a two-headed ogre
  9924 | D:10     | Reached skill level 1 in Invocations
 10061 | D:10     | Reached skill level 1 in Dodging
 10682 | D:11     | Noticed a manticore
 10694 | D:11     | Killed a manticore
 10844 | D:11     | Noticed a two-headed ogre
 10858 | D:11     | Killed a two-headed ogre
 10882 | D:11     | Paralysed by a hornet for 3 turns
 11182 | D:11     | Found a staircase to the Lair.
 11213 | D:11     | Reached **** piety under Makhleb
 11394 | Lair:1   | Entered Level 1 of the Lair of Beasts
 11958 | Lair:1   | Reached skill level 5 in Invocations
 12000 | Lair:1   | Reached XP level 12. HP: 106/106 MP: 15/15
 12732 | Lair:1   | Paralysed by a floating eye for 3 turns
 12887 | Lair:2   | Noticed Amaemon
 13250 | Lair:2   | Noticed Gastronok
 13284 | Lair:2   | Killed Gastronok
 13285 | Lair:2   | Reached skill level 10 in Shields
 13429 | Lair:2   | Killed Amaemon
 13606 | Lair:2   | Noticed a six-headed hydra
 13630 | Lair:2   | Killed a six-headed hydra
 13631 | Lair:2   | Reached skill level 5 in Dodging
 14434 | Lair:3   | Reached XP level 13. HP: 103/113 MP: 19/19
 14443 | Lair:3   | Reached ***** piety under Makhleb
 14700 | Lair:3   | Found a staircase to the Swamp.
 14953 | Lair:3   | Found a staircase to the Snake Pit.
 15410 | Lair:3   | Reached skill level 10 in Invocations
 15437 | Lair:3   | Identified the ring "Titu" {*Corrode rF+ MP+9 Int+3}
 15608 | Lair:4   | You fall into a shaft and drop 1 floor!
 15608 | Lair:5   | Entered Level 5 of the Lair of Beasts
 16064 | Lair:4   | Identified the +5 ring mail "Wuring" {Regen+}
 16460 | Lair:4   | HP: 2/113 [eight-headed hydra (13)]
 16460 | Lair:4   | Slain by an eight-headed hydra

Illustrated notes

Levels and vault maps discovered:
D:1:      dpeg_arrival_lava_altar, layout_basic, chequers_serial_rivers_micro_a,
          minmay_strange_pillars
D:2:      layout_loops_corners, uniq_jessica
D:3:      layout_basic, nicolae_overflow_hidden_temple,
          gammafunk_ghost_mausoleum
D:4:      layout_loops_ring, tso_altar
D:5:      layout_loops_ring, nicolae_qazlal_style_of_elements,
          minmay_temple_entry_drinking_statues
D:6:      lemuel_insect_pit, layout_rooms, grunt_dithmenos_shadows,
          jmf_multi_god_temple, serial_shops, shop, st_stairs_9,
          minmay_door_square, lightli_minifort
D:7:      layout_gridville, lemuel_crystal_altar, serial_shops,
          nicolae_stop_n_shop_1
D:8:      layout_loops_ring, grunt_temple_overflow_growth_and_decay,
          st_stairs_8, uniq_prince_ribbit1, uniq_joseph
D:9:      layout_small_grid, kennysheep_little_box,
          nemelex_xobeh_ov_fountains_minmay, orc_0_dummy,
          kennysheep_opposing_triangles, uniq_harold
D:10:     layout_long_grid
D:11:     layout_cave_pools, grunt_lair_entry_orc_guard_hut
Temple:   jpeg_temple_clearing
Lair:1:   layout_regular_city, serial_bayou, serial_bayou_pond_e,
          serial_bayou_shore_b, serial_bayou_ford_a, serial_bayou_pond_e,
          disabler_island
Lair:2:   layout_chaotic_city, serial_bayou_pond_a, uniq_gastronok, uniq_amaemon
Lair:3:   layout_misc_corridors, nicolae_swamp_entry_splash_gauntlet,
          nicolae_snake_entry_squirm, bobbens_dragon_lair_wall
Lair:4:   layout_regular_city, nicolae_slime_entry_slimehenge,
          grunt_forest_large_clearing_hut, grunt_megastairs_1,
          lemuel_fruit_fields, infiniplex_staircase_pool
Lair:5:   cheibrodos_lair_end_hotspot, layout_hall_layers, enter_volcano_2

Skill      XL: |  1  2  3  4  5  6  7  8  9 10 11 12 13 |
---------------+----------------------------------------+-----
Axes           | 3 4 5 7 9 11 13 15 16 | 16.0
Fighting       | 4 5 7 10 | 10.0
Shields        | 5 8 11 13 | 13.8
Throwing       | 2 |  2.0
Evocations     | 1 |  1.0
Armour         | 7 9 |  9.2
Invocations    | 5 8 10 | 10.8
Dodging        | 3 5 |  5.0

Action                     |  1- 3 |  4- 6 |  7- 9 | 10-12 | 13-15 || total
---------------------------+-------+-------+-------+-------+-------++-------
  Melee: War axe           |    77 |   160 |   183 |   653 |   253 ||  1326
         Morningstar       |       |       |       |     4 |    25 ||    29
  Throw: Dart              |       |     5 |    40 |    42 |     4 ||    91
 Invoke: Lesser Servant of |       |       |       |       |     2 ||     2
         Minor Destruction |       |       |       |       |     1 ||     1
  Evoke: Wand              |       |       |       |     4 |     3 ||     7
    Use: Scroll            |       |     4 |     1 |     7 |     1 ||    13
         Potion            |       |       |       |       |     1 ||     1
   Stab: Invisible         |       |       |       |     3 |       ||     3
         Distracted        |       |       |       |       |     1 ||     1
 Armour: Scale mail        |    45 |    29 |       |       |       ||    74
         Chain mail        |       |    44 |    34 |       |       ||    78
         Plate armour      |       |       |    55 |   267 |    99 ||   421
         Ring mail         |       |       |       |       |    22 ||    22
  Dodge: Dodged            |    39 |    48 |    42 |   211 |   154 ||   494
  Block: Buckler           |    10 |    39 |    44 |   109 |       ||   202
         Kite shield       |       |       |       |    67 |   192 ||   259

Table legend: (Time is in decaauts)
 A = Elapsed time spent in this place.
 B = Non-inter-level travel time spent in this place.
 C = Inter-level travel time spent in this place.
 D = Time resting spent in this place.
 E = Time spent auto-exploring this place.
 F = Levels seen in this place.
 G = Mean time per level.
                   A        B        C        D        E       F      G
               +--------+--------+--------+--------+--------+-----+--------+
         Total |  16307 |  15278 |   1029 |   2049 |  10435 |  17 |  959.2 |
       Dungeon |  11504 |  10657 |    847 |   1323 |   7499 |  11 | 1045.8 |
        Temple |    140 |    123 |     17 |      0 |    111 |   1 |  140.0 |
          Lair |   4663 |   4498 |    165 |    726 |   2825 |   5 |  932.6 |
               +--------+--------+--------+--------+--------+-----+--------+

Top non-repeatable levels by time:
     D:8: 1697 daAuts
  Lair:3: 1480 daAuts
     D:6: 1363 daAuts
  Lair:1: 1264 daAuts
     D:9: 1224 daAuts
    D:10: 1182 daAuts
  Lair:2: 1027 daAuts
     D:5: 987 daAuts
    D:11: 944 daAuts
     D:1: 935 daAuts
     D:2: 904 daAuts
     D:7: 845 daAuts
     D:4: 758 daAuts
  Lair:4: 737 daAuts
     D:3: 661 daAuts
